 Dungeon Crawl Stone Soup version 0.28-a0-1629-gf728b707aa (webtiles) character file.

Game seed: 14325609423598068695

2324 HallandMoats the Skirmisher (level 9, -1/78 HPs)
             Began as a Ghoul Fighter on Jan 24, 2022.
             Was a Priest of Wu Jian.
             Killed by divine providence
             ... invoked by an orc priest
              (10 damage)
             ... on level 7 of the Dungeon.
             The game lasted 00:07:43 (7815 turns).

HallandMoats the Skirmisher (Ghoul Fighter)         Turns: 7815, Time: 00:07:43

Health: -1/78      AC: 10    Str: 20    XL:     9   Next: 42%
Magic:  0/12       EV: 12    Int:  5    God:    Wu Jian [***...]
Gold:   355        SH:  5    Dex: 10    Spells: 8/8 levels left

rFire   + . .      SeeInvis .   i - +2 dagger (venom)
rCold   + . .      Faith    .   c - +1 buckler
rNeg    + + +      Spirit   +   l - +2 leather armour {rF+}
rPois   ∞          Reflect  .   (no helmet)
rElec   .          Harm     .   (no cloak)
rCorr   .          Rampage  .   (no gloves)
Will    .....                   b - +0 pair of boots
Stlth   +.........              g - amulet of guardian spirit
HPRegen 0.00/turn               w - +4 ring of protection
MPRegen 0.13/turn               (no ring)

@: inhibited regen
A: claws 1, cold resistance 1, negative energy resistance 3, inhibited
regeneration, torment resistance 2
a: Renounce Religion, Wall Jump, Serpent's Lash


You were on level 7 of the Dungeon.
You worshipped Wu Jian.
Wu Jian was most pleased with you.
You visited 1 branch of the dungeon, and saw 7 of its levels.

You collected 355 gold pieces.

Inventory:

Hand Weapons
 a - a +0 trident
 i - a +2 dagger of venom (weapon)
 z - the +9 dagger of Certain Death {flame, Str-3 Int+2 Dex+4}
   (You took it off an orc priest on level 7 of the Dungeon)

   It burns those it strikes, dealing additional fire damage.
   Str:       It affects your strength (-3).
   Int:       It affects your intelligence (+2).
   Dex:       It affects your dexterity (+4).
Armour
 b - a +0 pair of boots (worn)
 c - a +1 buckler (worn)
 l - a +2 leather armour of fire resistance (worn)
Jewellery
 g - an amulet of guardian spirit (around neck)
 q - a ring of wizardry
 w - a +4 ring of protection (left claw)
 y - a ring of resist corrosion
Wands
 h - a wand of iceblast (7)
Scrolls
 e - 4 scrolls of identify
 f - 2 scrolls of teleportation {unknown}
 j - a scroll of enchant armour
 n - 2 scrolls of magic mapping {unknown}
 o - a scroll of enchant weapon
 r - 5 scrolls of vulnerability {unknown}
 t - a scroll of fog {unknown}
 v - a scroll of amnesia {unknown}
 x - a scroll of blinking {unknown}
Potions
 d - 3 potions of might
 k - 3 potions of berserk rage {unknown}
 m - a potion of flight {unknown}
 p - a potion of resistance {unknown}
 s - 3 potions of brilliance {unknown}
 u - 2 potions of curing {unknown}


   Skills:
 + Level 6.9 Fighting
 * Level 5.9 Polearms
 + Level 4.7 Armour
 + Level 3.7 Dodging
 - Level 4.0 Shields
 * Level 6.2 Invocations


You had 8 spell levels left.
You didn't know any spells.
Your spell library contained the following spells:

 Spells                   Type           Power      Damage    Failure   Level
 Animate Skeleton         Necr           0%         N/A       63%         1
 Apportation              Tloc           0%         N/A       63%         1
 Magic Dart               Conj           0%         1d3       63%         1
 Summon Small Mammal      Summ           0%         N/A       63%         1
 Call Imp                 Summ           0%         N/A       77%         2
 Call Canine Familiar     Summ           0%         N/A       94%         3
 Dazzling Flash           Conj/Hex       0%         N/A       94%         3
 Mephitic Cloud           Conj/Pois/Air  0%         N/A       94%         3
 Summon Guardian Golem    Hex/Summ       0%         N/A       94%         3
 Iskenderun's Mystic Bla  Conj/Tloc      0%         2d3       100%        4
 Fireball                 Conj/Fire      0%         3d3       100%        5
 Starburst                Conj/Fire      0%         6d3       100%        6
 Ignition                 Fire           0%         3d3       100%        8


Dungeon Overview and Level Annotations

Branches:
Dungeon (7/15)
 Temple: D:4-7

Altars:
Fedhas
Makhleb
Okawaru
Ru
Uskayaw
Wu Jian
Yredelemnul
The Shining One


Innate Abilities, Weirdness & Mutations

You thrive by killing the living.
You are immune to poison.
You have sharp fingernails.
Your flesh is cold resistant. (rC+)
You are immune to negative energy. (rN+++)
You do not regenerate when monsters are visible.
You are immune to unholy pain and torment.


Message History

You are too injured to fight recklessly!
You are too injured to fight recklessly!
You are too injured to fight recklessly!
You are too injured to fight recklessly!
You are too injured to fight recklessly!
You are too injured to fight recklessly!
The orc priest shouts!
The orc priest calls down the wrath of Beogh upon you.
Beogh smites you!
The orc warrior looks more healthy.
You spin and attack the orc warrior.
You closely miss the orc warrior.
The orc warrior is heavily wounded.
The orc warrior barely misses you.
You spin and attack the orc warrior.
You hit the orc warrior but do no damage.
The orc warrior is poisoned.
The orc warrior is heavily wounded.
The orc warrior closely misses you.
You spin and attack the orc warrior.
You closely miss the orc warrior.
The orc warrior is heavily wounded.
The orc warrior hits you with a +0 dire flail!
* * * LOW HITPOINT WARNING * * *
The orc priest mumbles some strange prayers to Beogh against you.
Beogh smites you!
* * * LOW HITPOINT WARNING * * *
You spin and attack the orc warrior.
You hit the orc warrior but do no damage.
The orc warrior looks as sick as possible!
The orc warrior is heavily wounded.
You spin and attack the orc.
You closely miss the orc. The orc warrior closely misses you.
The orc barely misses you.
You spin and attack the orc.
You hit the orc but do no damage.
The orc is poisoned.
The orc priest begins to cast a cantrip, but forgets the words!
The orc hits you with a +0 flail.
* * * LOW HITPOINT WARNING * * *
The orc looks more healthy.
The orc priest invokes the aid of Beogh against you.
Beogh smites you!
You die...

#.... ..##..#....#.........[...
#....##..........#..............
/##.....##... .###÷...#..........
#.#......#.######.....#.#........
#.#.......#.##.....##.##........
#.##....o........##.##.......>. #
#.###o.oo....#.#..# #......... .(
#.#..#o#o#####..## #.....)#+#
..o###....###.##@..## #...(..#.#
o.o)o....o....o.#### #...####.#
..o#####...###### #...##.... ..
##### #...##.### . #.### ###


You could see an orc priest and an orc.

Vanquished Creatures
  Pikel (D:6)
  Eustachio (D:5)
  2 steam dragons (D:6)
  Edmund (D:6)
  Menkaure (D:6)
  A water moccasin (D:7)
  A sky beast (D:5)
  A necrophage (D:4)
  4 lemures
  An ogre (D:4)
  2 centaurs (D:5)
  A phantom (D:4)
  A kobold brigand (D:6)
  2 scorpions (D:5)
  A wyvern skeleton (D:6)
  2 water moccasin skeletons
  3 hounds
  A centaur skeleton (D:7)
  A gnoll shaman (D:6)
  2 orc priests (D:7)
  2 iguanas (D:4)
  2 orc wizards (D:4)
  Terence (D:3)
  5 adders
  3 gnolls (D:6)
  A white imp (D:6)
  An adder skeleton (D:4)
  A worm (D:2)
  2 dart slugs
  9 orcs
  6 endoplasms
  6 giant cockroaches
  9 goblins
  8 hobgoblins
  4 jackals (D:5)
  4 kobolds
  2 quokkas
  6 ball pythons
  2 bats (D:1)
  2 frilled lizards
  12 rats
  A spectral orc (D:5)
119 creatures vanquished.

Vanquished Creatures (others)
  A phantom (D:6)
  2 kobolds (D:6)
3 creatures vanquished.

Grand Total: 122 creatures vanquished

Notes
Turn   | Place    | Note
-------+----------+-------------------------------------------
     0 | D:1      | HallandMoats the Ghoul Fighter began the quest for the Orb.
     0 | D:1      | Reached XP level 1. HP: 19/19 MP: 0/0
   182 | D:1      | Reached XP level 2. HP: 26/26 MP: 1/1
   690 | D:1      | Reached XP level 3. HP: 33/33 MP: 2/2
   809 | D:1      | Found a faded altar of an unknown god.
  1021 | D:1      | Prayed at the altar of an unknown god.
  1021 | D:1      | Became a worshipper of the Wu Jian Council
  1021 | D:1      | Reached * piety under Wu Jian
  1654 | D:2      | Reached skill level 1 in Dodging
  1713 | D:2      | Reached XP level 4. HP: 40/40 MP: 3/3
  1945 | D:2      | Reached ** piety under Wu Jian
  2197 | D:3      | Noticed Terence
  2205 | D:3      | Killed Terence
  2206 | D:3      | Reached skill level 1 in Invocations
  2961 | D:4      | Reached XP level 5. HP: 45/47 MP: 3/5
  3017 | D:4      | Found a hide-covered altar of Uskayaw.
  3024 | D:4      | Noticed an ogre
  3045 | D:4      | Killed an ogre
  3046 | D:4      | Reached XP level 6. HP: 9/53 MP: 1/6
  3683 | D:4      | Noticed a necrophage
  3699 | D:4      | Killed a necrophage
  3700 | D:4      | Reached skill level 5 in Fighting
  3874 | D:4      | Found a sacrificial altar of Ru.
  3924 | D:4      | Reached XP level 7. HP: 37/61 MP: 5/8
  4216 | D:5      | Entered Level 5 of the Dungeon
  4659 | D:5      | Noticed Eustachio
  4690 | D:5      | Found a burning altar of Makhleb.
  4706 | D:5      | Killed Eustachio
  4707 | D:5      | Reached XP level 8. HP: 42/70 MP: 7/10
  4900 | D:5      | Found an iron altar of Okawaru.
  5194 | D:5      | Found a basalt altar of Yredelemnul.
  5802 | D:6      | Reached *** piety under Wu Jian
  6178 | D:6      | Found a blossoming altar of Fedhas.
  6306 | D:6      | Noticed Edmund
  6326 | D:6      | Killed Edmund
  6428 | D:6      | Noticed Menkaure
  6440 | D:6      | Killed Menkaure
  6441 | D:6      | Reached skill level 5 in Polearms
  6441 | D:6      | Reached skill level 5 in Invocations
  6475 | D:6      | Reached XP level 9. HP: 23/78 MP: 5/12
  6776 | D:6      | Noticed Pikel
  6971 | D:6      | Killed Pikel
  7524 | D:7      | Identified the +9 dagger of Certain Death {flame, Str-3
                  | Int+2 Dex+4}
  7815 | D:7      | Killed from afar by an orc priest

Illustrated notes

Levels and vault maps discovered:
D:1:      elethiomel_arrival_infinity_welcomes_careful_drivers,
          layout_loops_corners, shapermc_ecumenical_altar_mp_vishouse,
          feat_on_display
D:2:      layout_loops_corners, basic_altar
D:3:      layout_loops_ring, uniq_terence
D:4:      layout_loops_cross, nicolae_ru_sacrificial_ziggurat,
          eat_drink_and_be_merry_uskayaw
D:5:      layout_loops_ring, mainiacjoe_overflow_24_doors,
          yredelemnul_forgotten_temple_becter, makhleb_heckhound_becter,
          hangedman_decor_riveting, uniq_eustachio
D:6:      layout_basic, fedhas_altar_fruit_tree, uniq_pikel, uniq_edmund,
          uniq_menkaure
D:7:      hellmonk_ruined_rings, layout_basic, zin_scriptorium,
          minmay_temple_entry_enclosed_plants, uniq_crazy_yiuf_cottage

Skill      XL: |  1  2  3  4  5  6  7  8  9 |
---------------+----------------------------+-----
Polearms       | 2 3 4 5 |  5.9
Fighting       | 4 5 6 |  6.9
Dodging        | 1 2 3 |  3.7
Armour         | 3 4 |  4.7
Shields        | 3 4 |  4.0
Invocations    | 1 2 4 5 6 |  6.2

Action                   |  1- 3 |  4- 6 |  7- 9 || total
-------------------------+-------+-------+-------++-------
Melee: Trident           |   111 |       |       ||   111
       Dagger            |    22 |   148 |   324 ||   494
Invok: Lunge             |     2 |    13 |    12 ||    27
       Whirlwind         |       |     8 |    47 ||    55
       Serpent's Lash    |       |       |     1 ||     1
  Use: Scroll            |       |     2 |       ||     2
Armor: Scale mail        |    46 |     5 |       ||    51
       Leather armour    |       |    25 |   103 ||   128
Dodge: Dodged            |    44 |    60 |   195 ||   299
Block: Buckler           |    14 |    17 |    87 ||   118

Table legend: (Time is in decaauts)
 A = Elapsed time spent in this place.
 B = Non-inter-level travel time spent in this place.
 C = Inter-level travel time spent in this place.
 D = Time resting spent in this place.
 E = Time spent auto-exploring this place.
 F = Levels seen in this place.
 G = Mean time per level.
                   A        B        C        D        E       F      G
               +--------+--------+--------+--------+--------+-----+--------+
         Total |   7857 |   7494 |    363 |    292 |   6098 |   7 | 1122.4 |
       Dungeon |   7857 |   7494 |    363 |    292 |   6098 |   7 | 1122.4 |
               +--------+--------+--------+--------+--------+-----+--------+

Top non-repeatable levels by time:
     D:6: 1736 daAuts
     D:5: 1513 daAuts
     D:4: 1283 daAuts
     D:1: 1088 daAuts
     D:2: 1061 daAuts
     D:3: 812 daAuts
     D:7: 360 daAuts
